 Dungeon Crawl Stone Soup version 0.31.0-11-ge490571c62 (webtiles) character file.

Game seed: 4567926349554860945

9 RancidPinata the Sneak (level 2, 0/21 HPs)
             Began as an Octopode Delver on Feb 1, 2024.
             Succumbed to an adder's poison
             ... on level 5 of the Dungeon.
             The game lasted 00:00:44 (44 turns).

RancidPinata the Sneak (Octopode Delver)              Turns: 44, Time: 00:00:44

Health: 0/21       AC:  1    Str: 11    XL:     2   Next: 12%
Magic:  2/2        EV: 13    Int: 12    God:
Gold:   11         SH:  0    Dex: 13    Spells: 1/1 levels left

rFire   . . .        a - +0 short sword
rCold   . . .        (no shield)
rNeg    . . .        (helmet restricted)
rPois   .            (no amulet)
rElec   .            (no ring)
rCorr   .            (no ring)
SInv    .            (no ring)
Will    .....        (no ring)
Stlth   ++++         (no ring)
HPRegen 0.23/turn    (no ring)
MPRegen 0.08/turn    (no ring)
                     (no ring)

%: no passive effects
@: lethally poisoned (0 -> -1)
A: almost no armour, amphibious, 8 rings, camouflage 1, gelatinous body 1,
(nimble swimmer 1), tentacles
a: no special abilities


You were on level 5 of the Dungeon.
You visited 1 branch of the dungeon, and saw 2 of its levels.

You collected 11 gold pieces.

Inventory:

Hand Weapons
 a - a +0 short sword (weapon)
Wands
 f - a wand of digging (3)
Scrolls
 b - a scroll of fog
 c - a scroll of revelation
 d - a scroll of fear
Potions
 e - 2 potions of haste


   Skills:
 * Level 3.2 Fighting
 + Level 2.1 Short Blades
 * Level 2.2 Dodging
 + Level 6.7 Stealth


You had one spell level left.
You didn't know any spells.
Your spell library was empty.

Dungeon Overview and Level Annotations

Branches:
Dungeon (6/15)
 Temple: D:4-7

Altars:

Annotations:
D:6 Maggie


Innate Abilities, Weirdness & Mutations

You cannot wear most types of armour.
You are amphibious.
You can wear up to eight rings at the same time.
Your skin changes colour to match your surroundings (Stealth+).
Your rubbery body absorbs attacks. (AC +1, EV +1)
((You are camouflaged when in or above water. (Stealth+)))
You have tentacles for arms and can constrict up to eight enemies at once.


Message History

There is a stone staircase leading up here.
You climb upwards.
There is a stone staircase leading down here.
Found a potion of haste.
Found 11 gold pieces.
You see here a potion of haste.
An adder comes into view.
You now have 11 gold pieces.
You see here a potion of haste.
Autopickup is now off.
Autopickup is now on.
e - 2 potions of haste (gained 1)
The adder hisses angrily.
The adder barely misses you.
You completely miss the adder. Your grab misses the adder.
You squeeze the adder.
The adder is lightly wounded.
The adder bites you.
You barely miss the adder. Your grab misses the adder. You squeeze the adder.
The adder is moderately wounded.
The adder bites you.
You are poisoned.
The adder poisons you!
You hit the adder but do no damage. Your grab misses the adder.
The adder is moderately wounded.
You feel sick. The adder bites you.
* * * LOW HITPOINT WARNING * * *
You hit the adder. Your grab misses the adder.
The adder is heavily wounded.
The adder misses you. The adder closely misses you.
You miss the adder. Your grab misses the adder. You squeeze the adder.
You kill the adder!
* * * LOW HITPOINT WARNING * * *
You feel sick.
You have reached level 2!
* * * LOW HITPOINT WARNING * * *
You feel sick.
* * * LOW HITPOINT WARNING * * *
You feel sick.
You die...

# ### #. ##.# #.. #.>####
#... ###.....# #....
#.......#
#.....#############.......#
#.....@...............#
#.....................#
#..############.......#
#... #.......# #..#
##......# .... #.......
.###+ ....... .....#


There were no monsters in sight!

Vanquished Creatures
  An adder (D:5)
1 creature vanquished.

Notes
Turn   | Place    | Note
-------+----------+-------------------------------------------
     0 | D:5      | RancidPinata the Octopode Delver began the quest for the
                  | Orb.
     0 | D:5      | Reached XP level 1. HP: 16/16 MP: 1/1
     1 | D:6      | Noticed Maggie
    42 | D:5      | Reached XP level 2. HP: 2/21 MP: 2/2
    43 | D:5      | HP: 1/21 [poisoned by an adder]
    44 | D:5      | Succumbed to an adder's poison

Illustrated notes

Levels and vault maps discovered:
D:5:      layout_cave_pods, mainiacjoe_overflow_alcove_4,
          minmay_temple_entry_statues_fountains, gammafunk_ghost_cemetery,
          serial_shops, nicolae_shop_getting_attention, nicolae_custom_books
D:6:      black_bear_nest_1, layout_rooms, lemuel_crystal_altar,
          vehumet_crystals, gup_sewer_entry_glass, guppyfry_shop_venom,
          uniq_maggie, uniq_eustachio, uniq_prince_ribbit1

Action                     || total
---------------------------++-------
  Melee: Short sword       ||     5
         Tentacles         ||     3
 Armour: Skin              ||     3
  Dodge: Dodged            ||     3
